[Event "Titled Tuesday Blitz May 10 Early 2022"]
[White "Wagner, Dinara"]
[Black "Bilych, Olexiy"]
[WhiteFideId "24157570"]
[BlackFideId "14156504"]
[WhiteElo "2216"]
[BlackElo "2176"]
[Result "1-0"]
[Round "11"]
[TimeControl "180+1"]
[Date "2022.05.11"]
[WhiteClock "0:00:14"]
[BlackClock "0:00:05"]

1. d4 Nf6 2. c4 e6 3. Nf3 d5 4. g3 Bd6 5. Bg2 O-O 6. O-O c6 7. Nc3 Nbd7 8. Bg5 h6 9. Bxf6 Nxf6 10. Qd3 Rb8 11. e4 dxc4 12. Qxc4 b5 13. Qe2 b4 14. Na4 Qa5 15. e5 Qxa4 16. exf6 gxf6 17. Qd2 Kg7 18. Rfe1 b3 19. a3 Qc4 20. Re4 Qc2 21. Rg4+ Kh7 22. Qe3 f5 23. Rh4 f4 24. gxf4 Qxb2 25. Re1 f5 26. Ng5+ Kg7 27. Rxh6 Rh8 28. Rxe6 Bxe6 29. Qxe6 Rhf8 30. Qxd6 Rf6 31. Qd7+ Kg8 32. Qh7+ Kf8 33. Qh8# 1-0


[Site "https://www.chess.com"]

[Event "Titled Tuesday Blitz May 10 Early 2022"]
[White "Dubov, Daniil"]
[Black "Kozak, Adam"]
[WhiteFideId "24126055"]
[BlackFideId "753246"]
[WhiteElo "2791"]
[BlackElo "2459"]
[Result "0-1"]
[Round "11"]
[TimeControl "180+1"]
[Date "2022.05.10"]
[WhiteClock "0:00:04"]
[BlackClock "0:00:54"]

1. e4 e5 2. Nf3 Nc6 3. Nc3 Nf6 4. d4 exd4 5. Nxd4 Bb4 6. Nxc6 bxc6 7. Bd3 O-O 8. O-O d5 9. exd5 cxd5 10. h3 c6 11. Qf3 Bd6 12. Bg5 h6 13. Bf4 Rb8 14. b3 Rb4 15. Bxd6 Qxd6 16. Rad1 Be6 17. Rfe1 Rf4 18. Qg3 Nh5 19. Qe3 d4 20. Qe5 Qxe5 21. Rxe5 dxc3 22. Rxh5 f5 23. g3 Rd4 24. Re1 Rf6 25. Rh4 Rxh4 26. gxh4 Bd5 27. Kh2 f4 28. Re8+ Kf7 29. Ra8 Re6 30. Rxa7+ Kf6 31. Ra4 g5 32. hxg5+ hxg5 33. Bc4 Re1 34. Bxd5 cxd5 35. Ra5 Ke5 36. Rc5 Kd4 37. b4 Re2 38. Kg2 Rxc2 39. a4 Rb2 0-1


[Site "https://www.chess.com"]

[Event "Titled Tuesday Blitz May 10 Early 2022"]
[White "Estrada Nieto, Julian"]
[Black "Pinheiro, Iung Alicio de O."]
[WhiteFideId "5101018"]
[BlackFideId "2104350"]
[WhiteElo "2252"]
[BlackElo "2283"]
[Result "0-1"]
[Round "11"]
[TimeControl "180+1"]
[Date "2022.05.11"]
[WhiteClock "0:00:01"]
[BlackClock "0:00:17"]

1. e4 c5 2. Nf3 Nc6 3. Bb5 e6 4. O-O Nge7 5. Re1 Nd4 6. Nxd4 cxd4 7. c3 a6 8. Ba4 b5 9. Bb3 Nc6 10. d3 Bc5 11. Nd2 O-O 12. Nf3 f5 13. exf5 Rxf5 14. a4 Rb8 15. axb5 axb5 16. cxd4 Nxd4 17. Nxd4 Bxd4 18. Be3 Bxb2 19. Ra7 Qf6 20. d4 Bc3 21. Re2 Bb7 22. Qd3 b4 23. f3 Qg6 24. Bf2 Bxf3 25. g3 Bxe2 26. Qxe2 Rf7 27. d5 Qb1+ 28. Bd1 Rxf2 29. Kxf2 Bd4+ 30. Kg2 Bxa7 31. dxe6 dxe6 32. Qxe6+ Kh8 33. Bb3 Qg1+ 34. Kh3 Qf1+ 35. Kg4 Rf8 36. h4 h5+ 37. Kxh5 Qf5+ 0-1


[Site "https://www.chess.com"]

[Event "Titled Tuesday Blitz May 10 Early 2022"]
[White "Fedoseev, Vladimir"]
[Black "Carlsen, Magnus"]
[WhiteFideId "24130737"]
[BlackFideId "1503014"]
[WhiteElo "2726"]
[BlackElo "2832"]
[Result "1/2-1/2"]
[Round "11"]
[TimeControl "180+1"]
[Date "2022.05.10"]
[WhiteClock "0:00:29"]
[BlackClock "0:01:01"]

1. e4 b6 2. Nc3 Bb7 3. g3 c5 4. Bg2 g6 5. d4 cxd4 6. Qxd4 Nf6 7. Nge2 Bg7 8. O-O O-O 9. Qd1 Nc6 10. Nd5 e6 11. Nxf6+ Bxf6 12. Re1 Qe7 13. Nf4 Rfd8 14. e5 Bg7 15. Nd3 d6 16. exd6 Rxd6 17. Bf4 Rd7 18. Qg4 h5 19. Qg5 Qxg5 20. Bxg5 Nd4 21. Rac1 Bxg2 22. Kxg2 Nxc2 23. Rxc2 Rxd3 24. Rec1 Rd5 25. Be3 Bd4 26. Bxd4 Rxd4 27. Rc7 Rd5 28. R1c3 a5 29. Rb7 b5 30. Rf3 Rf8 31. a3 1/2-1/2


[Site "https://www.chess.com"]

[Event "Titled Tuesday Blitz May 10 Early 2022"]
[White "Ferreira, Vitor Hugo Vieira"]
[Black "Dronavalli, Harika"]
[WhiteFideId "2119765"]
[BlackFideId "5015197"]
[WhiteElo "2165"]
[BlackElo "2382"]
[Result "0-1"]
[Round "11"]
[TimeControl "180+1"]
[Date "2022.05.11"]
[WhiteClock "0:00:30"]
[BlackClock "0:00:29"]

1. d4 Nf6 2. c4 g6 3. Nc3 Bg7 4. e4 O-O 5. f3 c5 6. d5 d6 7. Bg5 h6 8. Be3 e6 9. Qd2 h5 10. O-O-O exd5 11. cxd5 Nbd7 12. Bh6 a6 13. Bxg7 Kxg7 14. g4 b5 15. gxh5 Nxh5 16. Nce2 Ne5 17. Ng3 Qh4 18. Nxh5+ Qxh5 19. f4 Nc4 20. Bxc4 bxc4 21. Ne2 Bg4 22. Ng3 Qh3 23. Rdg1 Rab8 24. f5 Qh6 25. Qxh6+ Kxh6 26. h4 Rb4 27. h5 g5 28. e5 dxe5 29. Ne4 Bxf5 30. Nxg5 c3 31. b3 Rf4 32. Rg3 Rf2 33. Rf3 Rxf3 34. Nxf3 Be4 35. Rf1 Bxf3 36. Rxf3 f5 37. Rxc3 e4 38. Kd1 Kxh5 39. Rxc5 Kg4 40. Ke2 Rd8 41. Rc6 Rxd5 42. Rg6+ Kf4 43. Rxa6 Rc5 44. b4 Rc2+ 45. Kd1 Rb2 46. a3 e3 47. Kc1 Rh2 48. Re6 Kf3 49. b5 Rh1+ 50. Kc2 e2 51. a4 e1=Q 52. Rxe1 Rxe1 53. b6 Re8 54. a5 Rb8 55. Kc3 Ke4 56. Kc4 f4 57. Kc5 f3 58. a6 f2 59. a7 Rc8+ 60. Kd6 f1=Q 61. b7 Qf8+ 62. Kd7 Qd8+ 63. Ke6 Rc6+ 64. Kf7 Rc7+ 65. Kg6 Rxb7 0-1


[Site "https://www.chess.com"]

[Event "Titled Tuesday Blitz May 10 Early 2022"]
[White "Friedel, Tom"]
[Black "Quirke, Jeffrey"]
[WhiteFideId "2002108"]
[BlackFideId "2013029"]
[WhiteElo "2315"]
[BlackElo "2154"]
[Result "1-0"]
[Round "11"]
[TimeControl "180+1"]
[Date "2022.05.11"]
[WhiteClock "0:00:16"]
[BlackClock "0:00:01"]

1. e4 e5 2. Nf3 Nf6 3. Nc3 Nc6 4. Bb5 Bd6 5. O-O O-O 6. d4 exd4 7. Nxd4 h6 8. Be3 Re8 9. f3 Bc5 10. Qd2 Bb6 11. Rad1 Qe7 12. Rfe1 Qf8 13. Nd5 Nxd5 14. exd5 Nxd4 15. Bxd4 Bxd4+ 16. Qxd4 c6 17. Bc4 b6 18. d6 Bb7 19. Qf4 Rxe1+ 20. Rxe1 Re8 21. Rxe8 Qxe8 22. Kf2 c5 23. h4 Bc6 24. h5 b5 25. Be2 Qe6 26. b3 Qf6 27. Qxf6 gxf6 28. Ke3 Kg7 29. Kf4 a6 30. Bd3 Bd5 31. Be4 Be6 32. a3 a5 33. Bd3 b4 34. axb4 axb4 35. Ke4 Kf8 36. Bc4 Ke8 37. Kd3 Bf5+ 38. Kd2 Kf8 39. g4 Be6 40. Kd3 Ke8 41. Bxe6 dxe6 42. Kc4 Kd7 43. Kxc5 e5 44. Kd5 1-0


[Site "https://www.chess.com"]

[Event "Titled Tuesday Blitz May 10 Early 2022"]
[White "Golubev, Mikhail"]
[Black "Shyaamnikhil P"]
[WhiteFideId "14100983"]
[BlackFideId "5024218"]
[WhiteElo "2374"]
[BlackElo "2329"]
[Result "1-0"]
[Round "11"]
[TimeControl "180+1"]
[Date "2022.05.10"]
[WhiteClock "0:00:54"]
[BlackClock "0:01:40"]

1. e4 c5 2. Nf3 d6 3. d4 cxd4 4. Nxd4 Nf6 5. Nc3 a6 6. Bc4 Nc6 7. Nxc6 bxc6 8. e5 Nd7 9. exd6 exd6 10. O-O Be7 11. Bf4 d5 12. Nxd5 cxd5 13. Qxd5 O-O 14. Qxa8 Nb6 15. Qe4 Bc5 16. Bd3 f5 17. Qe5 Bd4 18. Qd6 Qxd6 19. Bxd6 Rf6 20. Ba3 Be6 21. c3 Be5 22. Bxa6 Nd5 23. Bc4 Nf4 24. Bxe6+ Rxe6 25. g3 Nh3+ 26. Kg2 Rh6 27. f4 Bf6 28. Rad1 g5 29. fxg5 Nxg5 30. Rxf5 1-0


[Site "https://www.chess.com"]

[Event "Titled Tuesday Blitz May 10 Early 2022"]
[White "Gurevich, Dmitry"]
[Black "Aldokhin, Ivan"]
[WhiteFideId "2000407"]
[BlackFideId "24115720"]
[WhiteElo "2506"]
[BlackElo "2231"]
[Result "1-0"]
[Round "11"]
[TimeControl "180+1"]
[Date "2022.05.10"]
[WhiteClock "0:00:15"]
[BlackClock "0:00:07"]

1. d4 Nf6 2. c4 g6 3. Nc3 Bg7 4. e4 d6 5. Nf3 O-O 6. Be2 Nc6 7. d5 Nb4 8. O-O Re8 9. a3 Na6 10. Nd4 Nc5 11. f3 e5 12. Nb3 Nxb3 13. Qxb3 Nh5 14. g3 f5 15. c5 dxc5 16. d6+ Kh8 17. dxc7 Qxc7 18. Bc4 Nf6 19. Bg5 Qb6 20. Qxb6 axb6 21. Rad1 Be6 22. Bxe6 Rxe6 23. Bxf6 Bxf6 24. Rd7 Re7 25. Rfd1 Rxd7 26. Rxd7 Rd8 27. Rf7 Bg5 28. Nd5 Rd6 29. Rxb7 Bc1 30. Rxb6 Rxb6 31. Nxb6 Bxb2 32. a4 Bd4+ 33. Kf1 c4 34. Nxc4 Kg7 35. a5 Kf6 36. a6 Ke6 37. Ke2 Kd7 38. exf5 gxf5 39. Nxe5+ Kc7 40. Nf7 Kb6 41. f4 Kxa6 42. Nd6 Kb6 43. Nxf5 Ba1 44. Kd3 Kc6 45. Ke4 Kd7 46. Kd5 Ke8 47. Ke6 Kf8 48. Ne7 Kg7 49. f5 h5 50. h3 Kh6 51. f6 Kg5 52. Nd5 Kg6 53. h4 Bd4 54. Nf4+ Kh6 55. f7 Bc5 56. Kd7 Kh7 57. Ke8 Bf8 58. Kxf8 Kh6 59. Nxh5 Kh7 60. Ke7 Kh6 61. f8=Q+ Kg6 62. Qf6+ 1-0


[Site "https://www.chess.com"]

[Event "Titled Tuesday Blitz May 10 Early 2022"]
[White "Hakobyan, Aram"]
[Black "Molina, Roberto Junio Brito"]
[WhiteFideId "13306677"]
[BlackFideId "2109450"]
[WhiteElo "2557"]
[BlackElo "2432"]
[Result "1/2-1/2"]
[Round "11"]
[TimeControl "180+1"]
[Date "2022.05.10"]
[WhiteClock "0:00:06"]
[BlackClock "0:00:05"]

1. d4 d5 2. c4 c6 3. cxd5 cxd5 4. Bg5 h6 5. Bf4 Qb6 6. Nc3 Nf6 7. e3 Qxb2 8. Bb5+ Bd7 9. Bxd7+ Nbxd7 10. Nge2 Qa3 11. O-O a6 12. Rb1 b5 13. Rxb5 axb5 14. Nxb5 Qa5 15. Nc7+ Kd8 16. Nxa8 Qxa8 17. Qc2 e6 18. Qc7+ Ke8 19. Rb1 Be7 20. Nc3 g5 21. Bg3 Kf8 22. Rb7 Bd8 23. Qd6+ Be7 24. Qc7 Bd8 25. Qc6 Rg8 26. Be5 Be7 27. h3 Nxe5 28. dxe5 Ne8 29. a4 Qa5 30. Kh2 g4 31. hxg4 Rxg4 32. Rb8 Bd8 33. Nb5 Rc4 34. Qd7 Qxa4 35. f4 Rxf4 36. exf4 Qxf4+ 37. Kg1 Qc1+ 38. Kf2 Qd2+ 39. Kf3 Qd3+ 40. Kf2 Qd2+ 41. Kg3 Qe3+ 42. Kh2 Qf4+ 43. g3 Qf2+ 44. Kh3 Qf1+ 45. Kh2 Qf2+ 46. Kh3 Qf1+ 47. Kh2 Qf2+ 1/2-1/2


[Site "https://www.chess.com"]

[Event "Titled Tuesday Blitz May 10 Early 2022"]
[White "Harshavardhan G B"]
[Black "Redzisz, Michal"]
[WhiteFideId "25059009"]
[BlackFideId "21816107"]
[WhiteElo "1831"]
[BlackElo "2004"]
[Result "1-0"]
[Round "11"]
[TimeControl "180+1"]
[Date "2022.05.11"]
[WhiteClock "0:00:38"]
[BlackClock "0:00:01"]

1. e4 c5 2. Nf3 Nc6 3. d4 cxd4 4. Nxd4 g6 5. c4 Bg7 6. Be3 Nf6 7. Nc3 d6 8. Be2 O-O 9. O-O Bd7 10. Rc1 Nxd4 11. Bxd4 Bc6 12. f3 a5 13. Qd2 Nd7 14. Bf2 Nc5 15. Kh1 h5 16. Nd5 Bxd5 17. cxd5 Qb6 18. b3 Rfc8 19. Rc4 Qa7 20. Rfc1 b5 21. R4c2 b4 22. f4 Bc3 23. Qe3 a4 24. Rg1 axb3 25. axb3 Qd7 26. g4 h4 27. g5 Rc7 28. Bxh4 Nxb3 29. Bg4 Qb5 30. Qh3 Nd4 31. Rcg2 Ra3 32. f5 Be1 33. Bg3 Bxg3 34. hxg3 Qd3 35. fxg6 fxg6 36. Be6+ Nxe6 37. Qxe6+ Kg7 38. Rf2 Qf3+ 39. Rxf3 Rxf3 40. Qh3 b3 41. Qh6+ Kf7 42. Qh7+ Ke8 43. Qxg6+ Kd8 44. Qg8+ Kd7 45. Qb8 Rfc3 46. g6 Rc8 47. Qb5+ Kd8 48. g7 Kc7 49. Qa5+ Kb7 50. Qxc3 Rxc3 51. g8=Q b2 52. Qh8 Rc2 53. Qd4 Rh2+ 1-0


[Site "https://www.chess.com"]

[Event "Titled Tuesday Blitz May 10 Early 2022"]
[White "Heinemann, Josefine"]
[Black "Van den Dikkenberg, Erik"]
[WhiteFideId "12900460"]
[BlackFideId "1005880"]
[WhiteElo "2300"]
[BlackElo "2118"]
[Result "0-1"]
[Round "11"]
[TimeControl "180+1"]
[Date "2022.05.11"]
[WhiteClock "0:00:02"]
[BlackClock "0:00:11"]

1. Nf3 c5 2. g3 Nf6 3. Bg2 d6 4. O-O g6 5. c4 Bg7 6. Nc3 O-O 7. d4 Nbd7 8. e4 cxd4 9. Nxd4 a6 10. h3 Ne5 11. b3 Be6 12. Be3 Qc7 13. Qd2 Rfd8 14. Rac1 Rac8 15. Nd5 Bxd5 16. cxd5 Qd7 17. f4 Rxc1 18. Rxc1 Neg4 19. hxg4 Nxg4 20. Nf3 Nxe3 21. Qxe3 Qg4 22. Rc7 Qxg3 23. Qd2 Bh6 24. Ng5 Bg7 25. Qf2 Qg4 26. Qf3 Qh4 27. Nh3 Bd4+ 28. Kh2 Qe1 29. Rxe7 Rc8 30. Qg4 Rc3 31. Re8+ Kg7 32. e5 Rxh3+ 33. Kxh3 h5 34. Qg3 Bf2 35. Qd3 h4 36. e6 Be3 37. Rg8+ Kxg8 38. exf7+ Kxf7 39. Kh2 Qg3+ 40. Kh1 h3 41. Be4 Qg1# 0-1


[Site "https://www.chess.com"]

[Event "Titled Tuesday Blitz May 10 Early 2022"]
[White "Horak, Martin"]
[Black "Petrova, Irina"]
[WhiteFideId "367095"]
[BlackFideId "14124122"]
[WhiteElo "1997"]
[BlackElo "1993"]
[Result "1-0"]
[Round "11"]
[TimeControl "180+1"]
[Date "2022.05.11"]
[WhiteClock "0:00:38"]
[BlackClock "0:00:09"]

1. Nf3 d6 2. d4 g6 3. e4 Bg7 4. Nc3 Nf6 5. Be3 O-O 6. Qd2 a6 7. Bh6 b5 8. Bd3 Bb7 9. Bxg7 Kxg7 10. Qf4 Nbd7 11. e5 Nd5 12. Nxd5 Bxd5 13. h4 dxe5 14. dxe5 Bxf3 15. gxf3 Nc5 16. O-O-O Ne6 17. Qg3 Qb8 18. f4 Kh8 19. h5 g5 20. fxg5 Rg8 21. f4 Qb6 22. Kb1 Rad8 23. Qf3 Nd4 24. Qe4 Rg7 25. f5 Rxg5 26. f6 Nf5 27. Qf4 h6 28. Bxf5 Rxd1+ 29. Rxd1 Rg1 30. Qxh6+ 1-0


[Site "https://www.chess.com"]

[Event "Titled Tuesday Blitz May 10 Early 2022"]
[White "Ianov, Viktor"]
[Black "Mikhalsky, Vladimir"]
[WhiteFideId "14102730"]
[BlackFideId "14144352"]
[WhiteElo "2152"]
[BlackElo "2301"]
[Result "1-0"]
[Round "11"]
[TimeControl "180+1"]
[Date "2022.05.11"]
[WhiteClock "0:00:29"]
[BlackClock "0:00:09"]

1. Nf3 c5 2. g3 d5 3. Bg2 f6 4. c4 d4 5. d3 e5 6. O-O Nc6 7. e3 Be6 8. exd4 cxd4 9. a3 a5 10. Re1 Qd7 11. Nbd2 Nh6 12. Qc2 Be7 13. Rb1 O-O 14. c5 a4 15. Nc4 Bxc5 16. Bxh6 gxh6 17. Ncxe5 fxe5 18. Qxc5 Ra5 19. Qc1 Bf5 20. Qc4+ Qf7 21. Qc2 Qb3 22. Qd2 Qxd3 23. Qxh6 Qxb1 24. Rxb1 Bxb1 25. Ng5 Rc5 26. Be4 Rc1+ 27. Kg2 Bxe4+ 28. Nxe4 Rc2 29. Qe6+ Kg7 30. Qg4+ Kh8 31. h4 d3 32. Qg5 d2 33. Nxd2 Rxb2 34. Ne4 Re2 35. Qg4 Nd4 36. h5 b5 37. h6 Rg8 38. Qh4 Rf8 39. Qg5 Nf5 40. Nf6 1-0


[Site "https://www.chess.com"]

[Event "Titled Tuesday Blitz May 10 Early 2022"]
[White "Ismayil, Malak"]
[Black "Vovk, Orest"]
[WhiteFideId "13412604"]
[BlackFideId "14113490"]
[WhiteElo "1879"]
[BlackElo "2203"]
[Result "1-0"]
[Round "11"]
[TimeControl "180+1"]
[Date "2022.05.11"]
[WhiteClock "0:00:23"]
[BlackClock "0:00:46"]

1. e4 g5 2. d4 g4 3. Nc3 Bg7 4. Be3 d6 5. Bc4 c6 6. Nge2 h5 7. a3 Qa5 8. Qd2 Nf6 9. f4 gxf3 10. gxf3 b5 11. Bb3 Nbd7 12. O-O-O Ba6 13. f4 b4 14. axb4 Qa1+ 15. Nb1 Nxe4 16. Qe1 Ndf6 17. Ng3 d5 18. c3 h4 19. Nf5 Bf8 20. Kc2 Bc4 21. Na3 Qxd1+ 22. Qxd1 Ba6 23. Ba4 Rc8 24. b5 e6 25. bxa6 exf5 26. Nb1 Rg8 27. Rg1 Ng4 28. Qd3 h3 29. Nd2 Nxe3+ 30. Qxe3 Rg4 31. Rxg4 fxg4 32. Nxe4 dxe4 33. Qxe4+ Be7 34. Bxc6+ Kf8 35. Bd5 g3 36. Qf5 g2 37. Qxf7# 1-0


[Site "https://www.chess.com"]

[Event "Titled Tuesday Blitz May 10 Early 2022"]
[White "Ivanisevic, Ivan"]
[Black "Ambartsumova, Karina"]
[WhiteFideId "912417"]
[BlackFideId "4166299"]
[WhiteElo "2495"]
[BlackElo "2262"]
[Result "1-0"]
[Round "11"]
[TimeControl "180+1"]
[Date "2022.05.10"]
[WhiteClock "0:00:07"]
[BlackClock "0:00:02"]

1. d4 Nf6 2. c4 g6 3. Nc3 Bg7 4. e4 O-O 5. Nf3 d6 6. h3 e5 7. d5 Nh5 8. Be3 f5 9. c5 fxe4 10. Ng5 Nf4 11. Ngxe4 Bf5 12. g3 Nh5 13. Bg2 Nf6 14. Ng5 Nbd7 15. cxd6 cxd6 16. O-O Nc5 17. b4 Na6 18. Qb3 Qe7 19. Rac1 Rfc8 20. Rfd1 Nc7 21. g4 Bd7 22. Nge4 Nb5 23. Nxb5 Bxb5 24. Bg5 Qf8 25. Bxf6 Bxf6 26. g5 Be7 27. h4 Be2 28. Re1 Bg4 29. Bh3 Qf4 30. Rxc8+ Rxc8 31. Bxg4 Qxg4+ 32. Qg3 Qf5 33. Re3 Rc4 34. f3 Bd8 35. Kg2 Rc2+ 36. Kh1 Bb6 37. Re1 Rxa2 38. Nxd6 Qd3 39. Ne4 Bd4 40. d6 Bc3 41. Rg1 Bd2 42. Qh3 Qd5 43. Rd1 Rc2 44. d7 Kg7 45. Nf6 Qd6 46. Ne8+ Kg8 47. Nxd6 Bf4 48. Qe6+ Kg7 49. Qf7+ Kh8 50. Qf8# 1-0


[Site "https://www.chess.com"]

[Event "Titled Tuesday Blitz May 10 Early 2022"]
[White "Janaszak, Dawid"]
[Black "Yurtseven, Melih"]
[WhiteFideId "1119206"]
[BlackFideId "6312160"]
[WhiteElo "2199"]
[BlackElo "2160"]
[Result "1-0"]
[Round "11"]
[TimeControl "180+1"]
[Date "2022.05.11"]
[WhiteClock "0:00:43"]
[BlackClock "0:00:14"]

1. e4 e5 2. Ne2 Nf6 3. f4 exf4 4. Nxf4 Nxe4 5. Qe2 d5 6. d3 Bb4+ 7. c3 Be7 8. dxe4 dxe4 9. Qxe4 O-O 10. Bd3 Bh4+ 11. Kf1 g6 12. Qd4 Nd7 13. Nd2 Bf6 14. Qf2 Ne5 15. Be2 Bh4 16. g3 Be7 17. h3 g5 18. Ng2 f5 19. Nf3 Nf7 20. Be3 b6 21. Rd1 Qe8 22. Bc4 Kh8 23. Bd4+ Kg8 24. h4 g4 25. Ng5 Bb7 26. Nxf7 Rxf7 27. Qxf5 Bxg2+ 28. Kxg2 Qc6+ 29. Bd5 1-0


[Site "https://www.chess.com"]

[Event "Titled Tuesday Blitz May 10 Early 2022"]
[White "Jarovinsky, Alexey"]
[Black "Derraugh, Geordie"]
[WhiteFideId "14115131"]
[BlackFideId "2603950"]
[WhiteElo "2446"]
[BlackElo "2116"]
[Result "1-0"]
[Round "11"]
[TimeControl "180+1"]
[Date "2022.05.11"]
[WhiteClock "0:00:04"]
[BlackClock "0:00:11"]

1. Nc3 Nc6 2. d4 e6 3. d5 exd5 4. Nxd5 Bd6 5. e4 h6 6. Bc4 Nf6 7. Nf3 O-O 8. Nxf6+ Qxf6 9. O-O Ne5 10. Bb3 b6 11. Nd4 Qh4 12. f4 Ng4 13. h3 Nf6 14. e5 Ba6 15. c4 Bc5 16. exf6 Qxf6 17. Be3 Rae8 18. Bf2 Qxf4 19. Nf3 Bd6 20. Qd2 Qf6 21. Bd4 Qg6 22. Bc2 Qh5 23. Qd3 f5 24. Rae1 Rxe1 25. Rxe1 Bb7 26. Rf1 Qg6 27. Rf2 Be4 28. Qd2 Bg3 29. Rf1 Bd6 30. Ne5 Qe6 31. Bxe4 Bxe5 32. Bd5 1-0


[Site "https://www.chess.com"]

[Event "Titled Tuesday Blitz May 10 Early 2022"]
[White "Jian, Alex"]
[Black "Turutin, Alexander"]
[WhiteFideId "30901022"]
[BlackFideId "4180623"]
[WhiteElo "2111"]
[BlackElo "2402"]
[Result "1-0"]
[Round "11"]
[TimeControl "180+1"]
[Date "2022.05.11"]
[WhiteClock "0:00:12"]
[BlackClock "0:00:08"]

1. d4 Nf6 2. c4 g6 3. Nc3 Bg7 4. e4 d6 5. Nf3 O-O 6. Be2 e5 7. d5 a5 8. Bg5 h6 9. Bh4 Qe8 10. Nd2 Na6 11. O-O Nh7 12. a3 Bd7 13. b3 h5 14. f3 Bh6 15. Kh1 Be3 16. Rb1 Nc5 17. b4 axb4 18. axb4 Na4 19. Qc2 Nxc3 20. Qxc3 Bd4 21. Qd3 Qb8 22. Nb3 Ra3 23. Qd2 Ba7 24. Qb2 Ra4 25. Qc3 Ra3 26. Qc2 Ba4 27. Bd1 Bxb3 28. Rxb3 Rxb3 29. Qxb3 f5 30. exf5 gxf5 31. c5 Nf6 32. Bc2 Qc8 33. Ra1 Bb8 34. Ra8 Kg7 35. Qe3 Nh7 36. Bg5 Qd7 37. Bh6+ Kf7 38. Bxf8 Nxf8 39. Rxb8 Ng6 40. Qg5 Qb5 41. h3 1-0


[Site "https://www.chess.com"]

[Event "Titled Tuesday Blitz May 10 Early 2022"]
[White "Jumabayev, Rinat"]
[Black "Starozhilov, Leonid"]
[WhiteFideId "13702661"]
[BlackFideId "14106752"]
[WhiteElo "2561"]
[BlackElo "2414"]
[Result "0-1"]
[Round "11"]
[TimeControl "180+1"]
[Date "2022.05.10"]
[WhiteClock "0:00:01"]
[BlackClock "0:00:06"]

1. e4 Nc6 2. Nf3 d6 3. d4 Nf6 4. Nc3 Bg4 5. Bb5 a6 6. Bxc6+ bxc6 7. h3 Bxf3 8. Qxf3 e6 9. O-O Be7 10. Rd1 O-O 11. b3 d5 12. Bf4 Bb4 13. exd5 cxd5 14. Na4 Ne4 15. c4 Bd6 16. Rac1 c6 17. cxd5 cxd5 18. Rc6 Bxf4 19. Qxf4 Qa5 20. Rdc1 Qb4 21. Qe3 h6 22. h4 Qb7 23. Rc7 Qb4 24. R7c6 Qb7 25. f3 Ng3 26. Qd3 Nf5 27. h5 Qb4 28. Rd1 Rfc8 29. Rc5 Qa3 30. g4 Nd6 31. Qd2 Nb5 32. Rdc1 Rcb8 33. Kf2 a5 34. Ke3 Nd6 35. Rc6 Nb5 36. R1c2 Qe7 37. R2c5 Qg5+ 38. Ke2 Qf6 39. Rxb5 Rxb5 40. Qc3 Rb4 41. Ke3 Qg5+ 42. Ke2 Qf4 43. Nb6 Rd8 44. Rc8 Rxc8 45. Qxc8+ Kh7 46. Qc2+ g6 47. hxg6+ Kg7 48. gxf7 Rxd4 49. f8=Q+ Kxf8 50. Nd7+ Ke7 0-1


[Site "https://www.chess.com"]

[Event "Titled Tuesday Blitz May 10 Early 2022"]
[White "Kamsky, Gata"]
[Black "Sarana, Alexey"]
[WhiteFideId "2000024"]
[BlackFideId "24133795"]
[WhiteElo "2645"]
[BlackElo "2666"]
[Result "0-1"]
[Round "11"]
[TimeControl "180+1"]
[Date "2022.05.10"]
[WhiteClock "0:00:03"]
[BlackClock "0:00:42"]

1. e4 c5 2. Nf3 d6 3. d4 cxd4 4. Qxd4 Nc6 5. Bb5 Bd7 6. Bxc6 Bxc6 7. Nc3 e5 8. Qd3 h6 9. Nd2 Nf6 10. Nc4 Be7 11. Ne3 Qd7 12. a4 Rc8 13. O-O O-O 14. Rd1 Kh7 15. f3 g6 16. b3 Nh5 17. Ncd5 Bg5 18. c4 f5 19. Bd2 Nf4 20. Nxf4 fxe4 21. fxe4 exf4 22. Nd5 f3 23. gxf3 Bxd5 24. exd5 Qh3 25. Bxg5 Rxf3 26. Qe4 hxg5 27. Rf1 Rcf8 28. Qe7+ Kh6 29. Qxf8+ Rxf8 30. Rxf8 Qxb3 31. Raf1 Qxc4 32. R1f7 g4 33. Rf4 Qxd5 34. Kf2 Kg5 35. Kg3 Qe5 0-1


[Site "https://www.chess.com"]

[Event "Titled Tuesday Blitz May 10 Early 2022"]
[White "Karolczuk, Iwo"]
[Black "Zhao, Jun"]
[WhiteFideId "21816972"]
[BlackFideId "8602522"]
[WhiteElo "2258"]
[BlackElo "2547"]
[Result "0-1"]
[Round "11"]
[TimeControl "180+1"]
[Date "2022.05.10"]
[WhiteClock "0:01:53"]
[BlackClock "0:02:48"]

1. d4 Nf6 2. Nf3 e6 3. e3 d5 4. Bd3 c5 5. O-O Nc6 6. b3 cxd4 7. exd4 Bd6 8. Bb2 O-O 9. a3 Ne4 10. Nbd2 f5 11. Ne5 Bd7 12. Nxc6 bxc6 13. f3 Qh4 14. f4 Bxf4 15. Nf3 Be3+ 16. Kh1 Ng3# 0-1


[Site "https://www.chess.com"]

[Event "Titled Tuesday Blitz May 10 Early 2022"]
[White "Kazakouski, Valery"]
[Black "Keymer, Vincent"]
[WhiteFideId "13507443"]
[BlackFideId "12940690"]
[WhiteElo "2524"]
[BlackElo "2548"]
[Result "0-1"]
[Round "11"]
[TimeControl "180+1"]
[Date "2022.05.10"]
[WhiteClock "0:00:04"]
[BlackClock "0:00:35"]

1. d4 Nf6 2. c4 e6 3. Nf3 d5 4. g3 Bb4+ 5. Bd2 Be7 6. Bg2 O-O 7. O-O c6 8. Qc2 Nbd7 9. Rd1 b6 10. Bf4 Ba6 11. Nbd2 Nh5 12. Be3 Rc8 13. Rac1 h6 14. g4 Nhf6 15. h3 Bd6 16. a3 Bb7 17. b4 c5 18. Qb3 Ba8 19. Qb2 Qe7 20. bxc5 bxc5 21. dxc5 Nxc5 22. Bd4 Ncd7 23. Bxf6 Nxf6 24. Qa2 Bxa3 25. Ra1 Bc5 26. e3 Bb6 27. Ne5 Qc7 28. Qb2 Rb8 29. Qc3 Rfd8 30. Nb3 dxc4 31. Nxc4 Bxg2 32. Kxg2 Rxd1 33. Rxd1 Rc8 34. Rc1 Qb7+ 35. Kg1 Ne4 36. Qd3 Ng5 37. Nd6 Rxc1+ 38. Nxc1 Qf3 39. Qc4 Qd1+ 0-1


[Site "https://www.chess.com"]

[Event "Titled Tuesday Blitz May 10 Early 2022"]
[White "Kazarian, Anna-Maja"]
[Black "Tomaszewski, Kacper"]
[WhiteFideId "1033689"]
[BlackFideId "1127373"]
[WhiteElo "2004"]
[BlackElo "2153"]
[Result "1-0"]
[Round "11"]
[TimeControl "180+1"]
[Date "2022.05.11"]
[WhiteClock "0:00:17"]
[BlackClock "0:00:19"]

1. e4 c5 2. Nf3 e6 3. d4 cxd4 4. Nxd4 a6 5. c4 Nf6 6. Nc3 Bb4 7. Bd3 Nc6 8. Nc2 Bxc3+ 9. bxc3 d5 10. cxd5 exd5 11. exd5 Nxd5 12. O-O O-O 13. Bb2 Nf4 14. Be4 Qh4 15. Qf3 Ne5 16. Qd1 Ng4 17. h3 Nxh3+ 18. gxh3 Qxh3 19. Qd6 f5 20. Bd5+ Be6 21. Bxe6+ Kh8 22. Qg3 Qh6 23. Nd4 Rf6 24. Bxf5 Raf8 25. Bc1 g5 26. Bxg4 Qg7 27. Ne6 Rxe6 28. Bxe6 h5 29. Qxg5 Rf6 30. Qxg7+ Kxg7 31. Bh3 Rg6+ 32. Bg2 Kf6 33. Be3 h4 34. Bd4+ Kf5 35. Kh2 h3 36. Bxh3+ Kf4 37. Rae1 1-0


[Site "https://www.chess.com"]